Map: Blackpink LE

Players

sOs

  • Race: Protoss Protoss
  • Spawn Location: 7:00

Maru - Winner!

  • Race: Terran Terran
  • Spawn Location: 1:00

Event: IEM Season 12 - Katowice

VOD

Have the link to the VOD?

Description

Time

  • Played on: March 3, 2018, 9:50 a.m.
  • Length: 10:20

All games in this series

Show
View Real Time Build Order
Export as new Build Order

sOs Protoss 

Build Orders: 1 Gate Expand, Chargelot Immortal, Zealot Archon, Dark Templar Rush 

Get SALT Encoding   

  12  0:00  Probe  
  13  0:13  Probe  
  14  0:18  Pylon  
  14  0:25  Probe (Chrono Boost)  
  15  0:37  Probe (Chrono Boost)  
  15  0:38  Gateway  
  16  0:45  Probe (Chrono Boost)  
  16  0:48  Assimilator  
  17  0:51  Probe  
  18  1:03  Probe  
  19  1:15  Probe  
  20  1:24  Nexus  
  20  1:33  Cybernetics Core  
  20  1:36  Probe  
  21  1:42  Assimilator  
  21  1:49  Probe  
  21  1:52  Pylon  
  23  2:01  Probe  
  23  2:08  Adept (Chrono Boost)  
  23  2:10  Warp Gate  
  23  2:13  Probe  
  26  2:24  Twilight Council  
  26  2:25  Probe  
  26  2:27  Adept  
  29  2:36  Probe (Chrono Boost)  
  30  2:38  Probe (Chrono Boost)  
  31  2:47  Probe (Chrono Boost)  
  31  2:48  Probe (Chrono Boost)  
  33  2:52  Probe (Chrono Boost)  
  33  2:53  Probe (Chrono Boost)  
  35  3:00  Dark Shrine  
  35  3:02  Probe  
  35  3:04  Probe  
  37  3:06  Adept  
  39  3:15  Gateway  
  39  3:16  Probe  
  40  3:25  Robotics Facility  
  40  3:29  Probe x2 (Chrono Boost)  
  40  3:32  Pylon  
  44  3:41  Probe (Chrono Boost), Assimilator  
  44  3:46  Probe (Chrono Boost)  
  44  3:47  Pylon  
  44  3:49  Probe (Chrono Boost)  
  44  3:53  Probe (Chrono Boost)  
  46  3:58  Assimilator  
  46  4:01  Pylon  
  47  4:02  Probe  
  47  4:03  Pylon  
  47  4:04  Probe  
  48  4:14  Dark Templar  
  52  4:20  Zealot  
  52  4:23  Dark Templar  
  54  4:27  Immortal (Chrono Boost)  
  54  4:28  Probe x2  
  58  4:36  Gateway  
  58  4:42  Probe  
  59  4:45  Charge  
  59  4:50  Warp Prism (Chrono Boost), Dark Templar  
  59  4:55  Gateway  
  59  4:56  Pylon  
  59  4:57  Gateway  
  61  5:02  Dark Templar  
  61  5:11  Probe x2  
  59  5:22  Immortal  
  59  5:28  Stalker  
  65  5:31  Stalker  
  65  5:32  Pylon  
  67  5:36  Probe x2  
  69  5:48  Gateway x2  
  69  5:50  Pylon  
  69  5:54  Probe  
  68  6:09  Nexus  
  68  6:10  Pylon  
  68  6:19  Sentry  
  68  6:21  Zealot x4  
  68  6:25  Warp Prism (Chrono Boost)  
  78  6:35  Forge  
  78  6:42  Sentry x2  
  78  6:43  Dark Templar x2  
  78  6:45  Protoss Ground Armor Level 1 (Chrono Boost)  
  86  6:52  Pylon  
  86  6:57  Pylon  
  86  7:02  Pylon  
  86  7:06  Pylon  
  86  7:10  Archon  
  86  7:28  Probe x2, Immortal (Chrono Boost)  
  88  7:33  Stalker x2  
  88  7:34  Stalker x5  
  106  7:42  Blink  
  98  7:57  Zealot x7  
  108  8:11  Immortal (Chrono Boost)  
  84  8:19  Photon Cannon  
  82  8:29  Zealot x2, Sentry x2  
  82  8:30  Zealot x3  
  94  8:41  Immortal (Chrono Boost)  
  99  8:48  Probe  
  99  8:54  Zealot x5  
  93  9:05  Dark Templar x2  
  87  9:13  Immortal (Chrono Boost)  
  87  9:19  Zealot x3  
  80  9:27  Sentry x2  
  69  9:45  Stalker x4  
  43  9:54  Sentry  
Show
View Real Time Build Order
Export as new Build Order

Maru Terran - Winner!

Build Orders: MMM Bio, Cyclone Timing 

Get SALT Encoding   

  12  0:00  SCV  
  13  0:13  SCV  
  14  0:17  Supply Depot  
  14  0:25  SCV  
  15  0:38  SCV  
  15  0:40  Barracks  
  16  0:43  Refinery  
  16  0:50  SCV  
  17  1:02  SCV  
  18  1:15  SCV  
  19  1:29  Orbital Command, Marine  
  20  1:49  Command Center  
  20  1:53  Barracks Reactor  
  20  1:55  SCV  
  21  2:02  Factory  
  21  2:07  SCV  
  22  2:15  Supply Depot  
  22  2:16  Refinery  
  22  2:20  SCV  
  23  2:36  SCV, Marine x2  
  26  2:47  Starport  
  26  2:48  SCV  
  27  2:54  Marine x2  
  29  3:00  Cyclone, SCV  
  33  3:08  Orbital Command  
  33  3:13  Marine x2  
  33  3:16  SCV  
  36  3:20  Supply Depot  
  36  3:28  SCV  
  36  3:33  Cyclone, Marine  
  42  3:34  SCV  
  42  3:37  Medivac  
  44  3:43  Supply Depot  
  44  3:45  SCV  
  44  3:46  SCV  
  46  3:51  Marine x2  
  48  3:57  SCV  
  48  3:58  SCV  
  48  3:59  Supply Depot  
  50  4:05  Cyclone  
  54  4:10  SCV x2  
  55  4:22  SCV, Engineering Bay  
  56  4:26  SCV, Barracks  
  56  4:29  Refinery  
  56  4:30  Starport Tech Lab  
  57  4:34  SCV  
  57  4:36  Marine  
  57  4:37  Marine  
  60  4:38  SCV  
  59  4:46  SCV  
  59  4:50  Missile Turret, SCV  
  59  4:51  Terran Infantry Weapons Level 1  
  59  4:52  Factory Tech Lab  
  61  4:58  SCV  
  62  5:01  Raven  
  62  5:03  SCV  
  62  5:04  Supply Depot  
  65  5:10  SCV  
  65  5:12  Marine x2  
  69  5:15  SCV  
  67  5:22  SCV  
  67  5:27  SCV, Barracks  
  67  5:32  Factory Reactor  
  67  5:33  Supply Depot  
  67  5:34  SCV  
  70  5:36  Stimpack, Marauder  
  70  5:39  SCV  
  71  5:46  SCV  
  71  5:51  SCV  
  71  5:53  Starport Reactor  
  71  5:56  Marine x3, Barracks  
  75  5:57  Barracks  
  75  6:00  Supply Depot  
  75  6:08  SCV x2  
  75  6:09  Supply Depot  
  77  6:12  Widow Mine  
  77  6:13  Widow Mine  
  77  6:14  Marine x2  
  83  6:27  Marauder x2  
  83  6:32  Marine  
  88  6:33  Supply Depot  
  88  6:34  Refinery  
  88  6:35  Medivac x2, Combat Shields  
  88  6:38  Supply Depot  
  92  6:44  Barracks Tech Lab  
  92  6:49  Terran Infantry Armor Level 1, Factory Reactor  
  92  6:53  Marine  
  92  6:54  Marauder x2  
  97  6:55  Marine x3  
  100  7:02  Concussive Shells  
  100  7:03  Marauder  
  100  7:07  Supply Depot  
  102  7:10  Medivac  
  102  7:11  Marine  
  105  7:18  Marine x3, Marauder x2  
  112  7:24  Marauder  
  112  7:27  Widow Mine x2  
  112  7:29  Supply Depot, Marine  
  116  7:31  Supply Depot  
  116  7:35  Marine  
  117  7:41  Marine x2, Marauder x2  
  123  7:49  Widow Mine x2  
  121  7:53  Marine x2  
  121  7:54  Marauder  
  121  8:00  Liberator  
  121  8:02  Marauder  
  121  8:03  Liberator, Marine, Marauder  
  121  8:04  Marine  
  125  8:10  Widow Mine x2  
  125  8:11  Marine  
  125  8:12  Marine  
  117  8:15  Marauder  
  122  8:24  Marauder x2  
  129  8:29  Marine x2  
  131  8:36  Marauder  
  131  8:38  Marine  
  134  8:42  Supply Depot  
  134  8:45  Marauder x2, Liberator  
  134  8:46  Liberator  
  131  8:56  Marine x2  
  131  8:58  Marauder  
  134  9:03  Widow Mine, Marine  
  134  9:05  Marine  
  134  9:07  Marauder x2  
  132  9:13  Marine x2  
  134  9:19  Marauder  
  134  9:21  Marine  
  134  9:23  Marine  
  124  9:28  Marine, Marauder  
  117  9:31  Marine x2  
  112  9:39  Marine  
  112  9:40  Marine x2  
  102  9:46  SCV, Marauder  
  102  9:49  Marine x2  
  102  10:01  SCV  
  102  10:02  SCV  

Tags
 
Add a new tag
Caveats
  • Supply blocks, unpowered buildings, or Contaminate may cause inaccurate times.
  • Supply counts are checked every 10 seconds.